 Dungeon Crawl Stone Soup version 0.30.0-5-g1a98f26d00 (webtiles) character file.

Game seed: 7459837942253316005

218216 thromnambular the Warrior (level 17, -20/160 HPs)
             Began as a Demonspawn Necromancer on May 10, 2023.
             Was a High Priest of Sif Muna.
             Demolished by a frost giant
             ... wielding a +2 battleaxe of freezing
              (32 damage)
             ... on level 13 of the Dungeon on May 11, 2023.
             The game lasted 02:59:16 (37171 turns).

thromnambular the Warrior (Demonspawn Necromancer) Turns: 37171, Time: 02:59:17

Health: -20/160    AC: 14    Str:  7      XL:     17   Next: 97%
Magic:  27/40      EV: 23    Int: 19 (20) God:    Sif Muna [*****.]
Gold:   3563       SH:  0    Dex: 22      Spells: 3/37 levels left

rFire   + + .        g - +9 lajatang (freeze)
rCold   . . .        (shield currently unavailable)
rNeg    . . .        r - +3 leather armour {rPois}
rPois   +            N - +2 hat
rElec   .            (no cloak)
rCorr   +            (no gloves)
SInv    .            J - +2 pair of boots "Heosk" {rF++ rCorr MP+9}
Will    ++...        C - amulet of the acrobat
Stlth   ++           s - +4 ring of slaying
HPRegen 0.46/turn    u - ring of willpower
MPRegen 0.27/turn

%: acrobat
@: mighty
A: antennae 2, icy blue scales 2, powered by pain 2, spiny 3, claws 1, agile 1,
robust 1
}: 2/15 runes: decaying, gossamer
a: Renounce Religion, Channel Magic, Forget Spell, Divine Exegesis


You were on level 13 of the Dungeon.
You worshipped Sif Muna.
Sif Muna was extremely pleased with you.
You visited 5 branches of the dungeon, and saw 30 of its levels.
You also visited: Bailey.

You collected 4435 gold pieces.
You spent 872 gold pieces at shops.

Inventory:

Hand Weapons
 b - a +0 spear of protection
 g - a +9 lajatang of freezing (weapon)
 n - the +11 quarterstaff "Zaew" {freeze, rElec rC- Str+3 Stlth+}
   (You found it on level 4 of the Dungeon)

   Str:       It affects your strength (+3).
   rC:        It makes you vulnerable to cold.
   rElec:     It insulates you from electricity.
   Stlth:     It makes you more stealthy.
 D - a +0 lajatang
Missiles
 d - 2 throwing nets
Armour
 r - a +3 leather armour of poison resistance (worn)
 J - the +2 pair of boots "Heosk" (worn) {rF++ rCorr MP+9}
   (You found it on level 10 of the Dungeon)

   rF:        It greatly protects you from fire.
   MP:        It affects your magic capacity (+9).
   rCorr:     It protects you from acid and corrosion.
 K - the +0 hat of Catatonia {Will+ Int+5}
   (You found it on level 4 of the Spider Nest)

   Int:       It affects your intelligence (+5).
   Will:      It increases your willpower.
 N - a +2 hat (worn)
 Y - a +2 robe of cold resistance
Jewellery
 q - a ring of resist corrosion
 s - a +4 ring of slaying (left claw)
 t - a ring of wizardry
 u - a ring of willpower (right claw)
 A - a ring of willpower
 C - an amulet of the acrobat (around neck)
 I - a ring of protection from fire
 S - a ring of protection from cold
 T - a ring of positive energy
 W - a ring of poison resistance
 X - a ring of magical power
 Z - a ring of ice
Wands
 i - a wand of roots (25)
 k - a wand of polymorph (14)
 l - a wand of flame (52)
 H - a wand of charming (24)
Scrolls
 a - a scroll of fear
 e - a scroll of blinking
 f - 3 scrolls of enchant armour
 h - 6 scrolls of poison
 m - 7 scrolls of teleportation
 y - a scroll of summoning
 E - 5 scrolls of amnesia
 P - a scroll of fog
 R - 16 scrolls of identify
 U - a scroll of silence
Potions
 c - 9 potions of ambrosia
 j - a potion of invisibility
 o - 2 potions of cancellation
 p - 3 potions of haste
 v - 6 potions of brilliance
 w - 4 potions of mutation
 x - 4 potions of resistance
 B - 2 potions of magic
 F - 4 potions of curing
 L - 2 potions of flight
 V - a potion of might
Miscellaneous
 z - a lightning rod (4/4)
 G - a box of beasts (inert)
 M - a phantom mirror


   Skills:
 + Level 16.9 Fighting
 - Level 1.3(9.1) Polearms
 - Level 13.9(14.0) Staves
 - Level 4.0 Armour
 + Level 15.4 Dodging
 - Level 1.7 Stealth
 + Level 10.7 Spellcasting
 - Level 3.0 Hexes
 - Level 10.0 Necromancy
 - Level 4.5 Translocations
 - Level 7.0 Ice Magic
 - Level 8.1 Invocations


You had 3 spell levels left.
You knew the following spells:

 Your Spells              Type           Power      Damage    Failure   Level
a - Necrotise             Necr           100%       1d9       1%          1
b - Vampiric Draining     Necr           48%        2d9       1%          3
c - Animate Dead          Necr           48%        N/A       1%          4
d - Agony                 Necr           48%        N/A       4%          5
e - Dispel Undead         Necr           48%        3d18      1%          4
f - Anguish               Hex/Necr       17%        N/A       7%          4
g - Ozocubu's Armour      Ice            37%        N/A       1%          3
h - Hailstorm             Conj/Ice       23%        3d7       7%          3
i - Manifold Assault      Tloc           27%        N/A       16%         4
j - Vhi's Electric Charg  Tloc/Air       36%        N/A       12%         3

Your spell library contained the following spells:

 Spells                   Type           Power      Damage    Failure   Level
 Freeze                   Ice            100%       1d10      1%          1
 Kiss of Death            Conj/Necr      100%       2d13      1%          1
 Ensorcelled Hibernation  Hex/Ice        58%        N/A       1%          2
 Sublimation of Blood     Necr           48%        N/A       1%          2
 Frozen Ramparts          Ice            74%        1d12      1%          3
 Lesser Beckoning         Tloc           54%        N/A       2%          2
 Cigotuvi's Dreadful Rot  Necr/Pois/Air  44%        N/A       3%          2
 Gell's Gravitas          Tloc           27%        N/A       4%          3
 Teleport Other           Tloc           27%        N/A       4%          3
 Foxfire                  Conj/Fire      40%        2x1d6     10%         1
 Magic Dart               Conj           40%        1d5       10%         1
 Shock                    Conj/Air       40%        1d5       10%         1
 Summon Small Mammal      Summ           40%        N/A       10%         1
 Volatile Blastmotes      Fire/Tloc      36%        2d13      12%         3
 Call Imp                 Summ           20%        N/A       16%         2
 Poisonous Vapours        Pois/Air       20%        N/A       16%         2
 Static Discharge         Conj/Air       20%        2-3/arc   16%         2
 Dazzling Flash           Conj/Hex       30%        N/A       16%         3
 Summon Guardian Golem    Hex/Summ       15%        N/A       16%         3
 Call Canine Familiar     Summ           10%        N/A       30%         3
 Ignite Poison            Fire/Tmut/Pois 10%        N/A       30%         3
 Mephitic Cloud           Conj/Pois/Air  10%        N/A       30%         3
 Passage of Golubria      Tloc           27%        N/A       16%         4
 Ice Form                 Ice/Tmut       23%        N/A       24%         4
 Summon Ice Beast         Ice/Summ       23%        N/A       24%         4
 Death Channel            Necr           24%        N/A       26%         6
 Cause Fear               Hex            10%        N/A       28%         4
 Metabolic Englaciation   Hex/Ice        14%        N/A       34%         5
 Iskenderun's Mystic Bla  Conj/Tloc      18%        2d6       36%         4
 Simulacrum               Ice/Necr       21%        N/A       43%         6
 Fulminant Prism          Conj/Hex       7%         3d6       47%         4
 Leda's Liquefaction      Hex/Erth       7%         N/A       47%         4
 Petrify                  Tmut/Erth      10%        N/A       69%         4
 Sticky Flame             Conj/Fire      10%        2d3       69%         4
 Freezing Cloud           Conj/Ice/Air   9%         6-21      71%         5
 Silence                  Hex/Air        7%         N/A       83%         5
 Summon Mana Viper        Hex/Summ       15%        N/A       83%         5
 Yara's Violent Unravell  Hex/Tmut       7%         3d5       83%         5
 Dispersal                Tloc           13%        N/A       94%         6
 Blade Hands              Tmut           5%         N/A       95%         5
 Irradiate                Conj/Tmut      5%         3d13      95%         5
 Ozocubu's Refrigeration  Ice            18%        4d11      99%         7
 Iron Shot                Conj/Erth      5%         9d2       100%        6
 Plasma Beam              Fire/Air       5%         2x1d17    100%        6
 Starburst                Conj/Fire      5%         6d4       100%        6
 Statue Form              Tmut/Erth      6%         N/A       100%        6
 Dragon Form              Tmut           5%         N/A       100%        7
 Enfeeble                 Hex            10%        N/A       100%        7
 Haunt                    Necr/Summ      14%        N/A       100%        7
 Malign Gateway           Summ/Tloc      9%         N/A       100%        7
 Monstrous Menagerie      Summ           5%         N/A       100%        7
 Orb of Destruction       Conj           5%         9d5       100%        7
 Spellforged Servitor     Conj/Summ      5%         N/A       100%        7
 Disjunction              Tloc           13%        N/A       100%        8
 Infestation              Necr           24%        N/A       100%        8
 Lehudib's Crystal Spear  Conj/Erth      5%         10d3      100%        8
 Necromutation            Tmut/Necr      14%        N/A       100%        8
 Death's Door             Necr           24%        N/A       100%        9
 Polar Vortex             Ice            18%        N/A       100%        9


Dungeon Overview and Level Annotations

Branches:
Dungeon (15/15)            Temple (0/1) D:4            Lair (5/5) D:10
  Swamp (4/4) Lair:2       Spider (4/4) Lair:2        Slime (0/5) Lair:4
    Orc (2/2) D:11            Elf (0/3) Orc:2        Depths (0/4) D:15
 Bailey (visited)
 Vaults: D:13-14

Altars:
Fedhas
Makhleb
Nemelex Xobeh
Okawaru
Qazlal
Sif Muna
Xom
Jiyva

Shops:
D:3 [!:   D:7 !   Orc:2 [(!:

Annotations:
D:2 Sigmund
D:15 3 runed translucent doors, Epsin's ghost, journeyman MiFi; Juh Ocani's ghost, weakling FoFi
Lair:4 exclusion: 4 oklob plants
Spider:2 Roxanne


Innate Abilities, Weirdness & Mutations

You have a pair of antennae on your head.
You are mostly covered in icy blue scales. (AC +3)
You sometimes gain power by taking damage.
You are completely covered in sharp spines.
You have sharp fingernails.
You are agile. (Dex +4, Str/Int -1)
You are robust. (+10% HP)


Message History

You freeze the tengu reaver! The tengu reaver casts a spell at you.
The bolt of lightning hits you!!!
You hear a shout!
Your life force feels restored.
You slice the tengu reaver!! You freeze the tengu reaver.
The tengu reaver is almost dead.
The tengu reaver points at you and mumbles some strange words.
The bolt of fire misses you.
You slice the tengu reaver!! You freeze the tengu reaver.
You kill the tengu reaver!
Sif Muna accepts your kill.
Things that are here:
a +2 long sword; a +0 scale mail; a +0 buckler A frost giant is nearby!
A frost giant is nearby!
Casting: Manifold Assault (dangerous; 16% risk of failure)
Confirm with . or Enter, or press ? or * to list all spells.
Casting: Anguish (mildly dangerous; 7% risk of failure)
Press: ? - help, Dir - look around, f - activate The frost giant resists with some effort.
Casting: Anguish (mildly dangerous; 7% risk of failure)
Confirm with . or Enter, or press ? or * to list all spells.
Casting: Anguish (mildly dangerous; 7% risk of failure)
Press: ? - help, Dir - look around, f - activate The frost giant is haunted by guilt!
The frost giant points at you and mumbles some strange words.
The bolt of cold hits you!!
* * * LOW HITPOINT WARNING * * *
You focus on the pain.
You feel mightier all of a sudden.
The frost giant is wracked by anguish!!
The frost giant gestures at you while chanting.
The bolt of cold hits you!!
* * * LOW HITPOINT WARNING * * *
The frost giant is wracked by anguish!!
You feel better.
The frost giant is struck by your spines.
The frost giant hits you with a +2 battleaxe of freezing!!
You die...

##....................#.....
#.....................#.....
#......................#####
###...................###.....
#.[)...................##.....
##......).............###.....
##...###...<.................
#..#######.C................
#..###.....@......##...#....
#.D>.#.##..............##...
##......#........รท....###...
#....$..#.............# #...
##.....###......}#.>..###.##
####.C..# #)......###[###....
#..>....###.##....##..###...#
#......................##....#
##..####.....................#


You could see a frost giant (anguished).

Vanquished Creatures
  Asterion (Spider:2)
  A sphinx (D:13)
  A shadow dragon (D:13)
  A thorn hunter (Swamp:4)
  Donald (Swamp:4)
  A tengu reaver (D:13)
  A fenstrider witch (Swamp:3)
  5 emperor scorpions (Spider:4)
  Aizul (Spider:3)
  Louise (Swamp:1)
  2 ghost moths
  Nessos (D:15)
  2 eleionomae
  Azrael (Spider:2)
  4 bunyips
  A spark wasp (Spider:2)
  Josephine (D:12)
  4 entropy weavers
  A spriggan air mage (Swamp:4)
  18 hydras
  4 ghost crabs
  3 centaur warriors
  Erica (D:8)
  5 alligators
  7 two-headed ogres
  17 death yaks
  5 boulder beetles
  Urug (Orc:1)
  A radroach (Spider:2)
  A tengu warrior (D:15)
  2 orc high priests (Orc:2)
  A spectral death yak (Lair:5)
  4 pharaoh ants
  5 skeletal warriors (D:15)
  3 goliath frogs
  2 sun moths
  A spectral anaconda (Lair:5)
  3 spriggan druids
  9 orb spiders
  Pikel (D:5)
  2 bog bodies
  3 wizards
  14 swamp dragons
  4 necromancers (Lair:5)
  4 steelbarb worms
  5 orc sorcerers
  2 oklob plants
  9 ugly things
  A manticore (D:13)
  7 cyclopes
  2 will-o-the-wisps
  12 wolf spiders
  A deep elf pyromancer (D:12)
  24 elephants
  A moth of wrath (Spider:3)
  Joseph (D:10)
  A black mamba (shapeshifter) (D:14)
  2 black mambas (Lair:4)
  2 demonic crawlers
  14 cane toads
  A gargoyle (D:11)
  An unseen horror (D:10)
  Maggie (D:6)
  A dire elephant skeleton (Lair:5)
  7 komodo dragons
  Psyche (D:8)
  A rime drake (Lair:4)
  An efreet (D:15)
  A queen bee (shapeshifter) (D:15)
  A polar bear (Lair:1)
  6 trolls
  A bloated husk (Swamp:1)
  10 meliai
  11 tyrant leeches
  10 blink frogs
  18 tarantellas
  9 hornets
  Grinder (D:6)
  10 dream sheep (Lair:4)
  A spectral black mamba (Lair:2)
  A snapping turtle (shapeshifter) (D:15)
  24 jumping spiders
  A centaur simulacrum (D:15)
  19 culicivoras
  4 slime creatures (D:15)
  6 spriggans
  A shadow (D:9)
  6 wraiths
  8 wyverns
  5 basilisks
  35 yaks
  A spectral fire crab (Lair:2)
  A spectral komodo dragon (Lair:2)
  A steam dragon (shapeshifter) (D:15)
  Grum (D:10)
  30 redbacks
  17 vampire mosquitoes
  6 steam dragons
  A human (D:11)
  15 swamp worms
  A spectral cane toad (Lair:2)
  Edmund (D:6)
  3 wargs (Orc:2)
  2 acid dragons
  13 water moccasins
  5 hell hounds (Spider:2)
  4 swamp drakes
  2 sky beasts
  A meliai simulacrum (D:15)
  An ice beast (D:6)
  32 orc warriors
  An elephant zombie (Lair:5)
  7 ogres
  18 wolves
  3 lemures (D:5)
  14 centaurs
  2 kobold brigands
  11 bullfrogs
  2 gnoll sergeants
  4 scorpions
  5 necrophages (Lair:4)
  2 jellies
  10 wights (D:7)
  35 killer bees (Lair:4)
  2 electric eels (Lair:5)
  A centaur zombie (D:15)
  11 howler monkeys
  4 hounds
  20 orc priests
  2 iguanas (D:4)
  32 orc wizards
  A sleepcap (D:7)
  8 hell rats (Lair:4)
  13 gnolls
  4 adders
  2 river rats (Lair:4)
  An orc zombie (Orc:2)
  2 worms (D:3)
  3 dart slugs
  117 orcs
  3 endoplasms
  3 giant cockroaches
  8 goblins
  7 hobgoblins
  7 jackals
  18 kobolds
  2 quokkas
  9 ball pythons
  3 bats
  2 frilled lizards
  3 rats
979 creatures vanquished.

Vanquished Creatures (collateral kills)
  A fire giant (D:15)
  A shambling mangrove (Swamp:4)
  Fannar (D:11)
  3 hydras
  Erolcha (D:11)
  A death yak (Lair:5)
  3 bog bodies (Swamp:4)
  2 orb spiders
  A swamp dragon (Swamp:4)
  2 wolf spiders
  An oklob plant (Lair:4)
  2 elephants
  A demonic crawler (Spider:3)
  2 cane toads
  A komodo dragon (Lair:4)
  2 rime drakes (Lair:2)
  A queen bee (Lair:4)
  A polar bear (Lair:2)
  A meliai (Spider:4)
  A troll (Orc:2)
  2 tarantellas (Spider:4)
  A hornet (Swamp:4)
  A blink frog (Lair:2)
  A jumping spider (Spider:3)
  5 yaks
  3 culicivoras
  A basilisk (Lair:5)
  A vampire mosquito (D:14)
  2 redbacks
  A swamp drake (Swamp:4)
  An orc warrior (Orc:1)
  A wolf (Lair:2)
  A spectral basilisk (Lair:2)
  2 bullfrogs
  2 howler monkeys (D:11)
  An orc priest (Orc:2)
  An orc wizard (D:12)
  A gnoll (D:8)
  A dart slug (D:3)
  8 orcs
  An endoplasm (D:1)
  A giant cockroach (D:4)
  A jackal (D:1)
  A frilled lizard (D:3)
70 creatures vanquished.

Vanquished Creatures (others)
  An emperor scorpion (Spider:4)
  An orc warlord (Orc:1)
  A bunyip (Swamp:4)
  A hydra (Swamp:1)
  2 alligators
  A spriggan berserker (Swamp:4)
  An ugly thing zombie (D:14)
  A goliath frog zombie (Swamp:4)
  An orc knight (Orc:1)
  A wolf spider zombie (Spider:4)
  An ugly thing (D:14)
  A human zombie (Swamp:4)
  An orb spider zombie (Spider:3)
  2 redback zombies (Spider:4)
  2 hydra zombies (Swamp:4)
  A bloated husk (Swamp:1)
  A meliai (Spider:4)
  2 meliai zombies
  A moth of wrath zombie (Spider:3)
  A tarantella zombie (Spider:4)
  A culicivora zombie (Spider:4)
  A jumping spider (Spider:1)
  3 vampire mosquitoes (Swamp:1)
  A swamp worm (Swamp:4)
  A cane toad zombie (Lair:5)
  3 hornet zombies (Swamp:4)
  2 dream sheep zombies (Lair:4)
  4 swamp dragon zombies (Swamp:4)
  5 elephant zombies
  A wyvern zombie (D:10)
  A troll zombie (D:10)
  4 yak zombies
  A killer bee (Lair:4)
  3 wolf zombies (Lair:5)
  2 centaur zombies
  A bullfrog zombie (D:8)
  A basilisk zombie (Lair:5)
  An orc priest (Orc:2)
  A killer bee zombie (Lair:4)
  An ogre zombie (Orc:1)
  3 orcs
  A giant cockroach zombie (D:4)
  A hobgoblin zombie (D:4)
  5 jackal zombies (D:4)
  5 kobold zombies (D:7)
  38 orc zombies
  4 foxfires (Swamp:3)
119 creatures vanquished.

Grand Total: 1168 creatures vanquished

Notes
Turn   | Place    | Note
-------+----------+-------------------------------------------
     0 | D:1      | thromnambular the Demonspawn Necromancer began the quest
                  | for the Orb.
     0 | D:1      | Reached XP level 1. HP: 13/13 MP: 3/3
    60 | D:1      | Gained mutation: You are partially covered in sharp spines.
                  | [demonic ancestry]
    60 | D:1      | Reached XP level 2. HP: 7/19 MP: 0/5
   586 | D:1      | Gained mutation: You sometimes gain a little power by
                  | taking damage. [demonic ancestry]
   586 | D:1      | Reached XP level 3. HP: 24/24 MP: 6/6
   940 | D:2      | Found a shimmering altar of Xom.
  1078 | D:2      | Noticed Sigmund
  1270 | D:3      | Reached skill level 5 in Necromancy
  1274 | D:3      | Learned a level 3 spell: Vampiric Draining
  1403 | D:3      | Found Omam Vuhayt's Distillery.
  1441 | D:3      | Bought a potion of curing for 42 gold pieces
  1458 | D:3      | Found Ynenn's Antique Armour Shop.
  1601 | D:3      | Reached XP level 4. HP: 30/30 MP: 4/8
  1606 | D:3      | Learned a level 4 spell: Animate Dead
  1663 | D:3      | Reached skill level 1 in Polearms
  1846 | D:3      | Found Dioboh's Book Boutique.
  2261 | D:4      | Found a burning altar of Makhleb.
  2265 | D:4      | Identified the +11 quarterstaff "Zaew" {freeze, rElec rC-
                  | Str+3 Stlth+}
  2269 | D:4      | Found an iron altar of Okawaru.
  2269 | D:4      | Found a shimmering blue altar of Sif Muna.
  2277 | D:4      | Became a worshipper of Sif Muna the Loreminder
  2307 | D:4      | Reached skill level 1 in Fighting
  2334 | D:4      | Found a staircase to the Ecumenical Temple.
  2405 | D:4      | Noticed a scorpion
  2422 | D:4      | Reached skill level 1 in Staves
  2422 | D:4      | Reached XP level 5. HP: 32/37 MP: 4/9
  2508 | D:4      | Found a blossoming altar of Fedhas.
  2583 | D:4      | Reached skill level 2 in Fighting
  2799 | D:3      | Bought a bloodstained robe for 96 gold pieces
  2799 | D:3      | Identified the +0 robe of Hysteria {Regen+} (You bought it
                  | in a shop on level 3 of the Dungeon)
  2855 | D:4      | Gained mutation: You are partially covered in icy blue
                  | scales. (AC +2) [demonic ancestry]
  2855 | D:4      | Reached XP level 6. HP: 46/46 MP: 8/10
  3322 | D:5      | Entered Level 5 of the Dungeon
  3341 | D:5      | Reached skill level 3 in Fighting
  3621 | D:5      | Reached * piety under Sif Muna
  3997 | D:5      | Noticed Pikel
  4140 | D:5      | Gained mutation: You have a pair of small antennae on your
                  | head. [demonic ancestry]
  4140 | D:5      | Reached XP level 7. HP: 52/52 MP: 8/11
  4154 | D:5      | Killed Pikel
  4155 | D:5      | Reached skill level 4 in Fighting
  4155 | D:5      | Gained mutation: You are mostly covered in icy blue scales.
                  | (AC +3) [demonic ancestry]
  4155 | D:5      | Reached XP level 8. HP: 55/61 MP: 7/12
  4196 | D:5      | Learned a level 5 spell: Agony
  4749 | D:6      | Reached skill level 5 in Fighting
  4800 | D:6      | Reached skill level 1 in Invocations
  4835 | D:6      | Noticed Edmund
  4844 | D:6      | Killed Edmund
  4908 | D:6      | Identified the +6 trident of Gloom {drain, Will+ Int+3}
  4909 | D:6      | Noticed Grinder
  4915 | D:6      | Paralysed by Grinder for 2 turns
  4917 | D:6      | Killed Grinder
  4918 | D:6      | Reached skill level 1 in Armour
  4943 | D:6      | Identified a scroll of acquirement
  4945 | D:6      | Acquired Gapukk's Parchment of the Doomed Iceberg
  5391 | D:6      | Noticed Maggie
  5402 | D:6      | Killed Maggie
  5403 | D:6      | Reached skill level 5 in Invocations
  5403 | D:6      | Reached XP level 9. HP: 25/68 MP: 3/13
  5693 | D:7      | Found Diynly's Distillery.
  5912 | D:7      | Found a flagged portal.
  5930 | Bailey   | Entered a bailey
  6087 | Bailey   | Gained mutation: Your natural rate of healing is unusually
                  | fast. [potion of mutation]
  6087 | Bailey   | Gained mutation: You are weak. (Str -2) [potion of
                  | mutation]
  6087 | Bailey   | Gained mutation: You are partially covered in large bone
                  | plates. (SH +4) [potion of mutation]
  6106 | Bailey   | Reached ** piety under Sif Muna
  6175 | Bailey   | Noticed an orc knight
  6260 | D:7      | Reached skill level 6 in Fighting
  6264 | D:7      | Reached skill level 5 in Staves
  6339 | D:7      | Reached skill level 5 in Dodging
  6769 | D:8      | Reached XP level 10. HP: 77/77 MP: 11/16
  6818 | D:8      | Noticed Erica
  6829 | D:8      | Killed Erica
  6892 | D:8      | Learned a level 4 spell: Dispel Undead
  6918 | D:8      | Found a shimmering altar of Xom.
  6932 | D:8      | Found a sparkling altar of Nemelex Xobeh.
  7015 | D:8      | Killed Psyche
  7015 | D:8      | Reached *** piety under Sif Muna
  7016 | D:8      | Reached skill level 7 in Fighting
  7336 | D:9      | Noticed a two-headed ogre
  7351 | D:9      | Killed a two-headed ogre
  7837 | D:9      | Noticed a two-headed ogre
  7839 | D:9      | Killed a two-headed ogre
  7840 | D:9      | Reached skill level 5 in Spellcasting
  8088 | D:10     | Entered Level 10 of the Dungeon
  8088 | D:10     | Noticed Joseph
  8097 | D:10     | Killed Joseph
  8114 | D:10     | Gained mutation: You are mostly covered in sharp spines.
                  | [demonic ancestry]
  8114 | D:10     | Reached XP level 11. HP: 86/86 MP: 9/19
  8414 | D:10     | Reached skill level 8 in Fighting
  8541 | D:10     | Found a staircase to the Lair.
  8713 | D:10     | Identified the +2 pair of boots "Heosk" {rF++ rCorr MP+9}
  8852 | D:10     | Noticed a two-headed ogre
  8863 | D:10     | Killed a two-headed ogre
  8875 | D:10     | Learned a level 4 spell: Anguish
  9145 | D:10     | Noticed a boulder beetle
  9175 | D:10     | Killed a boulder beetle
  9176 | D:10     | Reached skill level 1 in Hexes
  9577 | D:10     | Noticed Grum
  9583 | D:10     | Killed Grum
  9732 | D:11     | Reached **** piety under Sif Muna
  9782 | D:11     | Noticed a cyan ugly thing
  9835 | Lair:1   | Entered Level 1 of the Lair of Beasts
  9851 | Lair:1   | Reached skill level 9 in Fighting
 10325 | Lair:1   | Lost mutation: You are partially covered in large bone
                  | plates. (SH +4) [potion of mutation]
 10325 | Lair:1   | Lost mutation: You are weak. (Str -2) [potion of mutation]
 10325 | Lair:1   | Gained mutation: Your body sometimes deteriorates upon
                  | taking damage. [potion of mutation]
 10326 | Lair:1   | Lost mutation: Your natural rate of healing is unusually
                  | fast. [potion of mutation]
 10326 | Lair:1   | Lost mutation: Your body sometimes deteriorates upon taking
                  | damage. [potion of mutation]
 10326 | Lair:1   | Gained mutation: You are agile. (Dex +4, Str/Int -1)
                  | [potion of mutation]
 10326 | Lair:1   | Gained mutation: You are robust. (+10% HP) [potion of
                  | mutation]
 10326 | Lair:1   | Gained mutation: You have sharp fingernails. [potion of
                  | mutation]
 10326 | Lair:1   | Gained mutation: You have a pair of antennae on your head.
                  | [potion of mutation]
 10593 | Lair:1   | Gained mutation: You sometimes gain power by taking damage.
                  | [demonic ancestry]
 10593 | Lair:1   | Reached XP level 12. HP: 95/105 MP: 20/20
 10948 | Lair:2   | Reached skill level 10 in Fighting
 11309 | Lair:2   | Reached ***** piety under Sif Muna
 11311 | Lair:2   | Received a gift from Sif Muna
 11788 | Lair:2   | Found a hole to the Spider Nest.
 11879 | Lair:2   | Found a staircase to the Swamp.
 11879 | Lair:2   | Noticed a ghost crab
 11890 | Lair:2   | Killed a ghost crab
 12299 | Lair:3   | Mutation became permanent: You have a pair of small
                  | antennae on your head. [demonic ancestry]
 12299 | Lair:3   | Gained mutation: You have a pair of antennae on your head.
                  | [demonic ancestry]
 12299 | Lair:3   | Reached XP level 13. HP: 110/114 MP: 22/22
 12892 | Lair:4   | Reached skill level 11 in Fighting
 13075 | Lair:4   | Received a gift from Sif Muna
 13083 | Lair:4   | Reached skill level 10 in Staves
 13085 | Lair:4   | Got Sif Muna's Tome of Solid Refrigeration {god gift}
 13306 | Lair:4   | Reached skill level 10 in Dodging
 13709 | Lair:4   | Learned a level 3 spell: Ozocubu's Armour
 13899 | Lair:4   | Reached skill level 1 in Ice Magic
 13899 | Lair:4   | Received a gift from Sif Muna
 13907 | Lair:4   | Got Sif Muna's Omnibus of Fey Transposition {god gift}
 14115 | Lair:4   | Reached skill level 12 in Fighting
 14645 | Lair:4   | Found a viscous altar of Jiyva.
 14647 | Lair:4   | Found a staircase to the Slime Pits.
 14662 | Lair:4   | Reached XP level 14. HP: 109/126 MP: 26/26
 14931 | Lair:5   | Entered Level 5 of the Lair of Beasts
 16186 | Lair:5   | Received a gift from Sif Muna
 16187 | Lair:5   | Got Sif Muna's Commentary on Malevolent Secrets {god gift}
 16539 | Lair:5   | Learned a level 3 spell: Hailstorm
 16612 | Lair:5   | Identified the +0 leather armour of the Armadillo {Drain
                  | Str+4 Int+7}
 17469 | D:11     | Reached skill level 5 in Ice Magic
 17488 | D:11     | Noticed Erolcha
 17494 | D:11     | Killed Erolcha
 17495 | D:11     | Reached skill level 13 in Fighting
 17667 | D:11     | Found a staircase to the Orcish Mines.
 17725 | Orc:1    | Entered Level 1 of the Orcish Mines
 17733 | Orc:1    | Noticed Urug
 17754 | Orc:1    | Killed Urug
 18487 | Orc:2    | Entered Level 2 of the Orcish Mines
 18904 | Orc:2    | Received a gift from Sif Muna
 18905 | Orc:2    | Found Dirch's Distillery.
 19059 | Orc:2    | Gained mutation: You are completely covered in sharp
                  | spines. [demonic ancestry]
 19059 | Orc:2    | Reached XP level 15. HP: 92/136 MP: 27/27
 19191 | Orc:2    | Found a staircase to the Elven Halls.
 19245 | Orc:2    | Found Suoseh's Book Emporium.
 19251 | Orc:2    | Bought a book of the Warp for 462 gold pieces
 19590 | Orc:2    | Bought a potion of might for 44 gold pieces
 19665 | Orc:2    | Found Goreceg's Antique Armour Shoppe.
 19930 | Orc:2    | Received a gift from Sif Muna
 19946 | Orc:2    | Found Exke's Antique Weapon Emporium.
 20043 | Orc:2    | Bought a shiny orb for 228 gold pieces
 20059 | Orc:2    | Got Sif Muna's Quarto of Altruism {god gift}
 20569 | D:11     | Noticed Fannar
 20587 | D:11     | Killed Fannar
 20985 | D:12     | Noticed Josephine
 20998 | D:12     | Killed Josephine
 21624 | D:13     | Noticed a frost giant
 21624 | D:13     | Noticed a sphinx
 21624 | D:13     | Noticed a tengu reaver
 21625 | D:13     | Noticed a shadow dragon
 22163 | D:14     | Found a stormy altar of Qazlal.
 22254 | D:13     | Identified the +2 leather armour "Datyen" {Fly Regen+
                  | Stlth+}
 22307 | D:14     | Received a gift from Sif Muna
 22311 | D:14     | Got Sif Muna's Handbook of Excruciating Diablerie {god
                  | gift}
 22717 | D:15     | Entered Level 15 of the Dungeon
 22737 | D:15     | Reached skill level 14 in Fighting
 22927 | D:15     | Noticed Nessos
 22944 | D:15     | Killed Nessos
 23097 | D:15     | Found a staircase to the Depths.
 23097 | D:15     | Noticed a fire giant
 23114 | D:15     | Killed a fire giant
 23203 | D:15     | Found a runed translucent gate.
 23203 | D:15     | Found a runed translucent gate.
 23203 | D:15     | Found a runed translucent gate.
 23206 | D:15     | Noticed Juh Ocani's ghost (weakling FoFi)
 23206 | D:15     | Noticed Epsin's ghost (journeyman MiFi)
 25121 | D:13     | Killed a sphinx
 25275 | Swamp:1  | Entered Level 1 of the Swamp
 25457 | Swamp:1  | Noticed Louise
 25473 | Swamp:1  | Killed Louise
 25786 | Swamp:1  | Reached XP level 16. HP: 90/147 MP: 28/28
 25920 | Swamp:1  | Learned a level 4 spell: Manifold Assault
 26071 | Swamp:1  | Reached skill level 10 in Necromancy
 26375 | Swamp:1  | Reached skill level 1 in Translocations
 27534 | Swamp:2  | Acquired 923 gold pieces
 27536 | Swamp:2  | Acquired 1156 gold pieces
 27538 | Swamp:2  | Acquired a +6 antimagic lajatang
 27724 | Swamp:2  | Received a gift from Sif Muna
 28880 | Swamp:4  | Entered Level 4 of the Swamp
 29542 | Swamp:4  | Reached skill level 15 in Fighting
 29622 | Swamp:4  | Noticed Donald
 29645 | Swamp:4  | Killed Donald
 29692 | Swamp:4  | Your ally Donald died
 30617 | Swamp:4  | Noticed a thorn hunter
 30634 | Swamp:4  | Killed a thorn hunter
 30860 | Swamp:4  | Got a decaying rune of Zot
 31237 | Spider:1 | Entered Level 1 of the Spider Nest
 31241 | Spider:1 | You fall into a shaft and drop 1 floor!
 31253 | Spider:2 | Reached XP level 17. HP: 138/156 MP: 29/29
 31422 | Spider:2 | Noticed Azrael
 31434 | Spider:2 | Killed Azrael
 31436 | Spider:2 | Received a gift from Sif Muna
 31439 | Spider:2 | Got Sif Muna's Papyrus of Wintry Left-Handed Liturgies {god
                  | gift}
 32837 | Spider:2 | Noticed Roxanne
 33131 | Spider:2 | Reached skill level 16 in Fighting
 33589 | Spider:2 | Noticed Asterion
 33604 | Spider:2 | Killed Asterion
 34470 | Spider:3 | Received a gift from Sif Muna
 34479 | Spider:3 | Got Sif Muna's Anthology of Floating Ice {god gift}
 34484 | Spider:3 | Learned a level 3 spell: Vhi's Electric Charge
 34714 | Spider:3 | Noticed Aizul
 34725 | Spider:3 | Killed Aizul
 34727 | Spider:3 | Reached skill level 15 in Dodging
 34729 | Spider:3 | Reached skill level 10 in Spellcasting
 35126 | Spider:4 | Entered Level 4 of the Spider Nest
 36280 | Spider:4 | Got a gossamer rune of Zot
 36285 | Spider:4 | Identified the +0 hat of Catatonia {Will+ Int+5}
 37170 | D:13     | HP: 4/160 [frost giant/bolt of cold (28)]
 37171 | D:13     | Demolished by a frost giant

Illustrated notes

Levels and vault maps discovered:
D:1:      dpeg_arrival_ternary, layout_basic
D:2:      layout_basic, basic_altar, minmay_tetromino_t2, uniq_terence,
          uniq_sigmund
D:3:      layout_loops_cross, serial_shops, shop,
          nicolae_shop_getting_attention, nicolae_shop_window_shopping,
          minmay_misc_feat_diagonals, kennysheep_donut, saegor_snake_ambush
D:4:      cheibrodos_helix_gallery, layout_basic, mainiacjoe_overflow_alcove_1,
          grunt_temple_overflow_open, temple_hall, hangedman_decor_push,
          minmay_misc_feat_four_crosses, chequers_avenue, feat_on_display
D:5:      layout_gridville, dk_noncrumbling_2, uniq_pikel
D:6:      layout_basic, uniq_grinder, uniq_edmund, uniq_maggie
D:7:      layout_cave_pools, enter_bailey_5, serial_shops, shop
D:8:      layout_cave_pools, mainiacjoe_overflow_large_starburst,
          minmay_strange_pillars, minmay_fractal_squares_5, uniq_psyche,
          uniq_erica
D:9:      layout_loops_cross
D:10:     layout_long_grid, erik_lair_dragon, uniq_grum, uniq_joseph
D:11:     layout_gridville, erik_orc_4, hex_tiny, grunt_ministairs_12,
          uniq_erolcha, uniq_fannar
D:12:     layout_rooms, uniq_josephine
D:13:     minmay_containers, layout_cave_pools, david_vaults_1
D:14:     layout_loops_ring, minmay_misc_feat_chi,
          nicolae_qazlal_scattered_showers
D:15:     grunt_enter_depths_giant_problem, layout_layer_cave,
          gammafunk_ghost_cemetery, hangedman_abyss_or_decor_stagger,
          uniq_nessos
Lair:1:   layout_chaotic_city
Lair:2:   layout_regular_city, nicolae_swamp_entry_spooky,
          hellmonk_spider_entry_life_and_decay, chequers_serial_rivers_small_a,
          st_stairs_10, serial_bayou_shore_b
Lair:3:   layout_chaotic_city, lemuel_fruit_fields, grunt_megastairs_2
Lair:4:   hangedman_what_comes_after_a, layout_loops_ring,
          minmay_slime_entry_oklob_enclosed, chequers_serial_rivers_large_b,
          roderic_carrion_pond
Lair:5:   due_jungle_book, layout_long_grid, serial_bayou_shore_a
Swamp:1:  layout_basic_swamp, nicolae_swamp_big_swirl, uniq_louise
Swamp:2:  layout_basic_swamp, serial_swamp_ruin, evilmike_swamp_ruin_rubble_2,
          evilmike_swamp_ruin_house_1, evilmike_swamp_ruin_house_2, swamp_pool1,
          nicolae_swamp_bloodsuckers_inc
Swamp:3:  layout_falls_marsh, evilmike_swamp_ruin_wall
Swamp:4:  swamp_basic_johnstein, layout_basic_swamp, swamp_pool2, uniq_donald
Spider:1: layout_spider_delve, hive_lemuel
Spider:2: layout_chambers, uniq_roxanne, uniq_asterion, uniq_azrael
Spider:3: layout_spider_delve, nicolae_spider_moth_buddies, uniq_aizul
Spider:4: spider_rune_water, uniq_arachne
Orc:1:    layout_caves, serial_shops, nicolae_shop_tiny_waterfront, special_room
          [special_room_bee], uniq_urug
Orc:2:    grunt_orc_community_town_hall, layout_caves,
          grunt_orc_community_big_house_1, grunt_orc_community_big_house_2,
          grunt_orc_community_house_3, grunt_orc_community_house_2,
          grunt_orc_community_house_1, grunt_orc_community_house_2,
          grunt_orc_community_house_2, minmay_orc_temple_b

Skill      XL: |  1  2  3  4  5  6  7  8  9 10 11 12 13 14 15 16 17 |
---------------+----------------------------------------------------+-----
Dodging        | 2 3 4 5 6 8 9 10 12 13 14 15 | 15.4
Necromancy     | 5 7 9 10 | 10.0
Spellcasting   | 3 4 5 6 8 10 | 10.7
Polearms       | 1 |  1.3
Fighting       | 1 2 3 4 5 6 7 9 10 12 13 14 15 16 | 16.9
Staves         | 1 2 4 5 6 8 9 10 12 13 | 13.9
Invocations    | 5 7 8 |  8.1
Armour         | 3 4 |  4.0
Hexes          | 3 |  3.0
Ice Magic      | 2 5 7 |  7.0
Translocations | 4 |  4.5
Stealth        | |  1.7

Action                     |  1- 3 |  4- 6 |  7- 9 | 10-12 | 13-15 | 16-18 || total
---------------------------+-------+-------+-------+-------+-------+-------++-------
  Melee: Unarmed           |     7 |       |       |       |       |       ||     7
         Spear             |    13 |    29 |       |     2 |       |       ||    44
         Punch             |     1 |       |       |       |       |       ||     1
         Quarterstaff      |       |    33 |   133 |   328 |   930 |   672 ||  2096
         Lajatang          |       |       |       |       |       |   163 ||   163
   Cast: Necrotise         |    52 |    58 |    23 |    23 |    20 |     5 ||   181
         Animate Dead      |       |     3 |     8 |     8 |    22 |     7 ||    48
         Vampiric Draining |       |     4 |     8 |    11 |    21 |    22 ||    66
         Dispel Undead     |       |       |       |    16 |    47 |    14 ||    77
         Agony             |       |       |       |     4 |     3 |    13 ||    20
         Anguish           |       |       |       |     3 |    39 |    36 ||    78
         Ozocubu's Armour  |       |       |       |       |    10 |     3 ||    13
         Hailstorm         |       |       |       |       |    30 |     8 ||    38
         Manifold Assault  |       |       |       |       |       |    85 ||    85
  Evoke: Wand              |       |       |    13 |    10 |     8 |     5 ||    36
         Box of beasts     |       |       |       |     1 |     1 |     1 ||     3
         Phantom mirror    |       |       |       |       |     1 |       ||     1
    Use: Potion            |     1 |     3 |     2 |     2 |     3 |    15 ||    26
         Scroll            |     2 |     5 |    14 |    10 |     8 |    18 ||    57
   Stab: Distracted        |       |       |     2 |     5 |     4 |    10 ||    21
         Sleeping          |       |       |       |    11 |     8 |    18 ||    37
         Invisible         |       |       |       |       |     5 |       ||     5
 Armour: Robe              |     4 |    12 |     3 |       |       |       ||    19
         Skin              |       |     7 |       |       |       |       ||     7
         Leather armour    |       |       |    41 |    73 |   199 |   161 ||   474
  Dodge: Dodged            |    19 |    36 |    92 |   233 |   899 |   816 ||  2095
  Block: Other             |       |       |    14 |    35 |       |       ||    49
